SA
PUT-IN-BAY BC @ NIAGARA FALLS EXPOS
08/06/2026
 
TOP OF THE 1ST
Put-In-Bay BC batting - Pitching for Niagara Falls Expos : RHP Marnix van Rijn
Pitching: RHP Marnix van Rijn
Batting: LHB Tural Bishara 0-0: Called Strike
0-1: Swinging Strike
0-2: SINGLE (Line Drive, 6D)
Batting: LHB Francisco Alfaro 0-0: Ball
1-0: Foul Ball, location: 2F
1-1: Ball
2-1: Ground out U3 (Groundball, 3)
Tural Bishara to second
Batting: RHB Steve Koch 0-0: Ball
1-0: Called Strike
1-1: Foul Ball, location: 2F
1-2: SINGLE (Groundball, 6MD)
Tural Bishara to third
Runner from 3rd tries for Home, SAFE, no throw
Batting: LHB Jim Unknown 0-0: Ball
1-0: Foul Ball, location: 2F
Pickoff Throw to First - Error! E1
Steve Koch to second
1-1: Called Strike
1-2: Foul Ball, location: 2F
1-2: Fly out, F7 (Flyball, 7D)
Runner from 2nd tags up, SAFE at 3rd, no throw
Batting: SHB Norm Singletary 0-0: Swinging Strike
0-1: Ball
1-1: Ball
2-1: Foul Ball, location: 2F
2-2: Ball
3-2: Base on Balls
Batting: RHB Lou Lumsden 0-0: Ball
1-0: Ball
2-0: Swinging Strike
2-1: Ball
3-1: Base on Balls
Norm Singletary to second
Batting: RHB Manuel Rosales 0-0: Called Strike
0-1: Fielders Choice at 2nd, 6-4 (Groundball, 6)
Top of the 1st over - 1 run(s), 2 hit(s), 1 error(s), 2 left on base; Put-In-Bay 1 - Niagara Falls 0
BOTTOM OF THE 1ST
Niagara Falls Expos batting - Pitching for Put-In-Bay BC : RHP James Neutron
Pitching: RHP James Neutron
Batting: RHB Roberto Camacho 0-0: SINGLE (Groundball, 6MD)
Batting: LHB Mark Armstead 0-0: Ball
Roberto Camacho steals 2nd base
1-0: SINGLE (Groundball, 3D)
Roberto Camacho to third
Runner from 3rd tries for Home, SAFE, no throw
Batting: RHB Edgardo Castro 0-0: Ball
1-0: Foul Ball, location: 2F
1-1: Swinging Strike
1-2: Foul Ball, location: 2F
1-2: Ball
2-2: Ground out 4-3 (Groundball, 4)
Mark Armstead to second
Batting: RHB Mario Germán 0-0: Ball
1-0: SINGLE (Line Drive, 8LS)
Mark Armstead to third
Runner from 3rd tries for Home, SAFE, no throw
Batting: LHB Carlos Germán 0-0: Ball
1-0: Ball
2-0: Ball
3-0: Called Strike
3-1: Foul Ball, location: 2F
3-2: Strikes out swinging
Batting: RHB Damien Medforth 0-0: Ball
1-0: Called Strike
1-1: Fly out, F8 (Flyball, 8RS)
Bottom of the 1st over - 2 run(s), 3 hit(s), 0 error(s), 1 left on base; Put-In-Bay 1 - Niagara Falls 2
TOP OF THE 2ND
Put-In-Bay BC batting - Pitching for Niagara Falls Expos : RHP Marnix van Rijn
Batting: RHB Angus Watts 0-0: Ball
1-0: Swinging Strike
1-1: Ground out 5-3 (Groundball, 56)
Batting: RHB Ryan French 0-0: Called Strike
0-1: Swinging Strike
0-2: Ball
1-2: SINGLE (Groundball, 4MD)
Batting: LHB Tural Bishara 0-0: Called Strike
0-1: Called Strike
0-2: Grounds into double play, 4-6-3 (Groundball, 34D)
Top of the 2nd over - 0 run(s), 1 hit(s), 0 error(s), 0 left on base; Put-In-Bay 1 - Niagara Falls 2
BOTTOM OF THE 2ND
Niagara Falls Expos batting - Pitching for Put-In-Bay BC : RHP James Neutron
Batting: RHB Justin Smelter 0-0: Ball
1-0: Called Strike
1-1: Ground out 5-3 (Groundball, 5)
Batting: RHB Hou Kong 0-0: Ball
1-0: Foul Ball, location: 2F
1-1: Foul Ball, location: 2F
1-2: Ball
2-2: Strikes out swinging
Batting: RHB Jim Unknown 0-0: Ball
1-0: Foul Ball, location: 2F
1-1: Foul Ball, location: 2F
1-2: Foul Ball, location: 2F
1-2: Ball
2-2: Strikes out swinging
Bottom of the 2nd over - 0 run(s), 0 hit(s), 0 error(s), 0 left on base; Put-In-Bay 1 - Niagara Falls 2
TOP OF THE 3RD
Put-In-Bay BC batting - Pitching for Niagara Falls Expos : RHP Marnix van Rijn
Batting: LHB Francisco Alfaro 0-0: Called Strike
0-1: Ball
1-1: Ball
2-1: Foul Ball, location: 2F
2-2: Ball
3-2: Foul Ball, location: 2F
3-2: Strikes out swinging
Batting: RHB Steve Koch 0-0: Ball
1-0: Fly out, F8 (Flyball, 8LD)
Batting: LHB Jim Unknown 0-0: Ball
1-0: Ball
2-0: Ground out U3 (Groundball, 34)
Top of the 3rd over - 0 run(s), 0 hit(s), 0 error(s), 0 left on base; Put-In-Bay 1 - Niagara Falls 2
BOTTOM OF THE 3RD
Niagara Falls Expos batting - Pitching for Put-In-Bay BC : RHP James Neutron
Batting: RHB Roberto Camacho 0-0: Ball
1-0: Ball
2-0: Called Strike
2-1: Ball
3-1: Foul Ball, location: 2F
3-2: Foul Ball, location: 2F
3-2: Strikes out swinging
Batting: LHB Mark Armstead 0-0: Called Strike
0-1: Fly out, F2 (Popup, 56S)
Batting: RHB Edgardo Castro 0-0: Ball
1-0: SINGLE (Groundball, 4S) (infield hit)
Batting: RHB Mario Germán 0-0: Called Strike
0-1: Swinging Strike
0-2: SINGLE (Groundball, 3D)
Edgardo Castro to second
Runner from 2nd tries for 3rd, SAFE, throw made to third
Batting: LHB Carlos Germán 0-0: SINGLE (Flyball, 7S)
Edgardo Castro scores
Mario Germán to second
Batting: RHB Damien Medforth 0-0: Called Strike
0-1: Foul Ball, location: 2F
0-2: Ball
1-2: Strikes out swinging
Bottom of the 3rd over - 1 run(s), 3 hit(s), 0 error(s), 2 left on base; Put-In-Bay 1 - Niagara Falls 3
TOP OF THE 4TH
Put-In-Bay BC batting - Pitching for Niagara Falls Expos : RHP Marnix van Rijn
Batting: SHB Norm Singletary 0-0: Ball
1-0: Foul Ball, location: 2F
1-1: Swinging Strike
1-2: SINGLE (Groundball, 4MD)
Batting: RHB Lou Lumsden 0-0: Called Strike
0-1: Ball
1-1: SINGLE (Groundball, 15) (infield hit)
Norm Singletary to second
Batting: RHB Manuel Rosales 0-0: Ball
1-0: Called Strike
1-1: Grounds into double play, 4-6-3 (Groundball, 4)
Norm Singletary to third
Batting: RHB Angus Watts 0-0: Ball
1-0: Ball
2-0: Ball
3-0: Called Strike
3-1: Called Strike
3-2: Fly out, F7 (Flyball, 7S)
Top of the 4th over - 0 run(s), 2 hit(s), 0 error(s), 1 left on base; Put-In-Bay 1 - Niagara Falls 3
BOTTOM OF THE 4TH
Niagara Falls Expos batting - Pitching for Put-In-Bay BC : RHP James Neutron
Batting: RHB Justin Smelter 0-0: Ball
1-0: Ball
2-0: Ball
3-0: Called Strike
3-1: Called Strike
3-2: Foul Ball, location: 2F
3-2: Strikes out swinging
Batting: RHB Hou Kong 0-0: Ball
1-0: Ground out 1-3 (Groundball, 15)
Batting: RHB Jim Unknown 0-0: Called Strike
0-1: Ball
1-1: Foul Ball, location: 2F
1-2: Fly out, F9 (Flyball, 89M)
Bottom of the 4th over - 0 run(s), 0 hit(s), 0 error(s), 0 left on base; Put-In-Bay 1 - Niagara Falls 3
TOP OF THE 5TH
Put-In-Bay BC batting - Pitching for Niagara Falls Expos : RHP Marnix van Rijn
Batting: RHB Ryan French 0-0: Ball
1-0: Ball
2-0: Swinging Strike
2-1: Ball
3-1: Ground out 4-3 (Groundball, 4)
Batting: LHB Tural Bishara 0-0: Ball
1-0: Ball
2-0: Ball
3-0: Called Strike
3-1: Fly out, F9 (Flyball, 9D)
Batting: LHB Francisco Alfaro 0-0: Ball
1-0: Swinging Strike
1-1: Ball
2-1: Ball
3-1: Foul Ball, location: 2F
3-2: SINGLE (Groundball, 4D)
Batting: RHB Steve Koch 0-0: Called Strike
0-1: Foul Ball, location: 2F
0-2: Fly out, F7 (Flyball, 7LMF)
Top of the 5th over - 0 run(s), 1 hit(s), 0 error(s), 1 left on base; Put-In-Bay 1 - Niagara Falls 3
BOTTOM OF THE 5TH
Niagara Falls Expos batting - Pitching for Put-In-Bay BC : RHP James Neutron
Batting: RHB Roberto Camacho 0-0: Ball
1-0: Foul Ball, location: 2F
1-1: Ball
2-1: Fly out, F9 (Line Drive, 89M)
Batting: LHB Mark Armstead 0-0: Called Strike
0-1: Foul Ball, location: 2F
0-2: Ball
1-2: Foul Ball, location: 2F
1-2: Ball
2-2: Fly out, F7 (Flyball, 7)
Batting: RHB Edgardo Castro 0-0: Ball
1-0: Ball
2-0: Foul Ball, location: 2F
2-1: DOUBLE (Groundball, 3L)
Batting: RHB Mario Germán 0-0: Ball
1-0: SINGLE (Groundball, 56S) (infield hit)
Edgardo Castro to third
Batting: LHB Carlos Germán 0-0: Called Strike
0-1: Ball
Mario Germán is caught stealing 2nd base
Bottom of the 5th over - 0 run(s), 2 hit(s), 0 error(s), 0 left on base; Put-In-Bay 1 - Niagara Falls 3
TOP OF THE 6TH
Put-In-Bay BC batting - Pitching for Niagara Falls Expos : RHP Marnix van Rijn
Batting: LHB Jim Unknown 0-0: Ball
1-0: Ball
2-0: Called Strike
2-1: Foul Ball, location: 2F
2-2: Ball
3-2: Fly out, F7 (Flyball, 7S)
Batting: SHB Norm Singletary 0-0: Ground out 6-3 (Groundball, 6M)
Batting: RHB Lou Lumsden 0-0: Ball
1-0: Foul Ball, location: 2F
1-1: Ground out 1-3 (Groundball, P)
Top of the 6th over - 0 run(s), 0 hit(s), 0 error(s), 0 left on base; Put-In-Bay 1 - Niagara Falls 3
BOTTOM OF THE 6TH
Niagara Falls Expos batting - Pitching for Put-In-Bay BC : RHP James Neutron
Batting: LHB Carlos Germán 0-0: Ball
1-0: Foul Ball, location: 2F
1-1: Foul Ball, location: 2F
1-2: Ground out 4-3 (Groundball, 34)
Batting: RHB Damien Medforth 0-0: Called Strike
0-1: Ball
1-1: Ball
2-1: Foul Ball, location: 2F
2-2: Ground out 6-3 (Groundball, 6)
Batting: RHB Justin Smelter 0-0: Called Strike
0-1: Ground out 5-3 (Groundball, 56)
Bottom of the 6th over - 0 run(s), 0 hit(s), 0 error(s), 0 left on base; Put-In-Bay 1 - Niagara Falls 3
TOP OF THE 7TH
Put-In-Bay BC batting - Pitching for Niagara Falls Expos : RHP Marnix van Rijn
Batting: RHB Manuel Rosales 0-0: Ball
1-0: Ball
2-0: Foul Ball, location: 2F
2-1: Ball
3-1: SINGLE (Line Drive, 89S)
Batting: RHB Angus Watts 0-0: Called Strike
0-1: Bunted foul
0-2: Ball
1-2: Ball
2-2: Foul Ball, location: 2F
2-2: Ball
3-2: Foul Ball, location: 2F
3-2: Foul Ball, location: 2F
3-2: Foul Ball, location: 2F
3-2: Base on Balls
Manuel Rosales to second
Pitching: RHP Manuel Montés
Batting: RHB Ryan French 0-0: Fly out, F9 (Line Drive, 89M)
Batting: LHB Tural Bishara 0-0: Called Strike
0-1: Ball
1-1: Swinging Strike
1-2: Ball
2-2: Strikes out swinging
Batting: LHB Francisco Alfaro 0-0: Ball
1-0: Fielders Choice at 2nd, 4-6 (Groundball, 4)
Top of the 7th over - 0 run(s), 1 hit(s), 0 error(s), 1 left on base; Put-In-Bay 1 - Niagara Falls 3
BOTTOM OF THE 7TH
Niagara Falls Expos batting - Pitching for Put-In-Bay BC : RHP James Neutron
Batting: RHB Hou Kong 0-0: Ball
1-0: Fly out, F8 (Flyball, 8LM)
Batting: RHB Jim Unknown 0-0: Fly out, F9 (Line Drive, 9D)
Batting: RHB Roberto Camacho 0-0: Ball
1-0: Ball
2-0: Called Strike
2-1: Ball
3-1: Swinging Strike
3-2: Ground out 3-1 (Groundball, 34S)
Bottom of the 7th over - 0 run(s), 0 hit(s), 0 error(s), 0 left on base; Put-In-Bay 1 - Niagara Falls 3
TOP OF THE 8TH
Put-In-Bay BC batting - Pitching for Niagara Falls Expos : RHP Manuel Montés
Batting: RHB Steve Koch 0-0: Swinging Strike
0-1: Ball
1-1: Called Strike
1-2: Foul Ball, location: 2F
1-2: Strikes out looking
Batting: LHB Jim Unknown 0-0: Swinging Strike
0-1: Ball
1-1: Ball
2-1: SOLO HOME RUN (Flyball, 9LD), Distance : 357 ft
Pitching: LHP Ammuc Mwenda
Batting: SHB Norm Singletary 0-0: Foul Ball, location: 2F
0-1: Foul Ball, location: 2F
0-2: Strikes out looking
Pitching: RHP Benedicto Castellon
Batting: RHB Lou Lumsden 0-0: Foul Ball, location: 2F
0-1: Ball
1-1: SINGLE (Line Drive, 78S)
Batting: RHB Manuel Rosales 0-0: Ball
1-0: Called Strike
1-1: Swinging Strike
1-2: Ball
2-2: Strikes out swinging
Top of the 8th over - 1 run(s), 2 hit(s), 0 error(s), 1 left on base; Put-In-Bay 2 - Niagara Falls 3
BOTTOM OF THE 8TH
Niagara Falls Expos batting - Pitching for Put-In-Bay BC : RHP James Neutron
Batting: LHB Mark Armstead 0-0: Called Strike
0-1: Called Strike
0-2: Strikes out looking
Batting: RHB Edgardo Castro 0-0: Swinging Strike
0-1: Called Strike
0-2: Ball
1-2: Fly out, F8 (Flyball, 8RM)
Batting: RHB Mario Germán 0-0: Ball
1-0: Ball
2-0: Reached on error, E5 (Groundball, 5L)
Pinch Hitting: SHB Juan Carlos Santos 0-0: Called Strike
0-1: Ball
1-1: Fly out, F8 (Flyball, 8LM)
Bottom of the 8th over - 0 run(s), 0 hit(s), 1 error(s), 1 left on base; Put-In-Bay 2 - Niagara Falls 3
TOP OF THE 9TH
Put-In-Bay BC batting - Pitching for Niagara Falls Expos : RHP Benedicto Castellon
Pitching: LHP Mannus Dijkman
Now in LF: Juan Carlos Santos
Batting: RHB Angus Watts 0-0: SINGLE (Groundball, 56D)
Pinch Runner at 1st Francisco Valéncia:
Pinch Hitting: RHB Tony Cruz 0-0: Bunted foul
0-1: Sac Bunt - play at first, batter OUT! 1-4
Francisco Valéncia to second
Batting: LHB Tural Bishara 0-0: Called Strike
0-1: Ball
1-1: Ball
2-1: Ball
3-1: Called Strike
3-2: Foul Ball, location: 2F
3-2: Base on Balls
Batting: LHB Francisco Alfaro 0-0: Called Strike
0-1: Foul Ball, location: 2F
0-2: Strikes out swinging
Batting: RHB Steve Koch 0-0: Foul Ball, location: 2F
0-1: Ball
1-1: Ball
2-1: SINGLE (Line Drive, 7LM)
Francisco Valéncia to third
Tural Bishara to second
Runner from 3rd tries for Home, SAFE, no throw
Pinch Hitting: SHB Marlon Webster 0-0: Ball
1-0: Called Strike
1-1: SINGLE (Line Drive, 56D)
Tural Bishara to third
Steve Koch to second
Runner from 3rd tries for Home, SAFE, no throw
Batting: SHB Norm Singletary 0-0: Ball
1-0: Called Strike
1-1: Ball
2-1: Fly out, F9 (Flyball, 9S)
Top of the 9th over - 2 run(s), 3 hit(s), 0 error(s), 2 left on base; Put-In-Bay 4 - Niagara Falls 3
BOTTOM OF THE 9TH
Niagara Falls Expos batting - Pitching for Put-In-Bay BC : RHP James Neutron
Pitching: RHP Garrett Harrington
Now at C: Tony Cruz
Now at 1B: António López
Now at 3B: Marlon Webster
Pinch Hitting: LHB Pancho Farías 0-0: Called Strike
0-1: Swinging Strike
0-2: Strikes out swinging
Pinch Hitting: RHB Jim Unknown 0-0: SOLO HOME RUN (Flyball, 9D), Distance : 398 ft
Pinch Hitting: RHB Jim Unknown 0-0: Ball
1-0: Ground out 5-3 (Groundball, 56)
Batting: RHB Jim Unknown 0-0: Ball
1-0: Fly out, F8 (Line Drive, 8RM)
Bottom of the 9th over - 1 run(s), 1 hit(s), 0 error(s), 0 left on base; Put-In-Bay 4 - Niagara Falls 4
TOP OF THE 10TH
Put-In-Bay BC batting - Pitching for Niagara Falls Expos : LHP Mannus Dijkman
Now at 1B: Jim Unknown
Now at 3B: Jim Unknown
Now in RF: Pancho Farías
Batting: RHB Lou Lumsden 0-0: Foul Ball, location: 2F
0-1: Foul Ball, location: 2F
0-2: Strikes out looking
Batting: RHB Manuel Rosales 0-0: Ball
1-0: Ball
2-0: Called Strike
2-1: Ball
3-1: Foul Ball, location: 2F
3-2: Foul Ball, location: 2F
3-2: Base on Balls
Batting: RHB António López 0-0: Ball
1-0: SINGLE (Groundball, 4D)
Manuel Rosales to second
Throwing error, E9
Manuel Rosales scores
António López to second
Batting: RHB Tony Cruz 0-0: Called Strike
0-1: Called Strike
0-2: DOUBLE (Line Drive, 89M)
António López scores
Batting: LHB Tural Bishara 0-0: Intentional Walk
Pitching: LHP Washington Scarpenti
Batting: LHB Francisco Alfaro 0-0: Ball
1-0: Ball
2-0: Foul Ball, location: 2F
2-1: Foul Ball, location: 2F
2-2: Strikes out looking
Batting: RHB Steve Koch 0-0: Foul Ball, location: 2F
0-1: Ball
1-1: Fly out, F7 (Line Drive, 7S)
Top of the 10th over - 2 run(s), 2 hit(s), 1 error(s), 2 left on base; Put-In-Bay 6 - Niagara Falls 4
BOTTOM OF THE 10TH
Niagara Falls Expos batting - Pitching for Put-In-Bay BC : RHP Garrett Harrington
Batting: RHB Roberto Camacho 0-0: Foul Ball, location: 2F
0-1: Foul Ball, location: 2F
0-2: Fly out, F8 (Flyball, 8RS)
Batting: LHB Mark Armstead 0-0: Ball
1-0: Foul Ball, location: 2F
1-1: Ball
2-1: Ball
3-1: Foul Ball, location: 2F
3-2: Fly out, F9 (Flyball, 9LM)
Batting: RHB Edgardo Castro 0-0: Called Strike
0-1: Ball
1-1: Ball
2-1: Ball
3-1: Ground out 5-3 (Groundball, 56)
Bottom of the 10th over - 0 run(s), 0 hit(s), 0 error(s), 0 left on base; Put-In-Bay 6 - Niagara Falls 4
Monday, March 20th, 2017 - OOTP Baseball 17.12 Build 75